AoeStats
← 大草原畜牧

Arena

508369505Analyzed
4v4 RM · 12d ago on Sep 22, 2026· 43m 52s· 8 players
Game mode
Random Map
Map size
Large (8 player)
Population
200
Speed
Normal
Resources
Standard
Victory
Conquest
Starting age
Dark Age
Ending age
Imperial Age
RankedLock teamsTeams togetherTeam positionsShared explorationLock speedFull tech treeHidden civsTurbo modeCheats
Victory
Defeat
🇹🇼 Huns · Taiwan
1054
+15
🇨🇳 Franks · China
1024
+16
🇨🇦 Burgundians · Canada
1012
+17
🇨🇳 Spanish · China
996
+18
🇵🇪 Persians · Peru
1070
-18
🇪🇸 Aztecs · Spain
1029
-16
🇮🇩 Turks · Indonesia
1018
-16
🇦🇺 Celts · Australia
1013
-16
Elite Seraphim
1:17 Wheelbarrow
5:55 Loom
8:27 Horse Collar
8:44 Double-Bit Axe
9:37 Horse Collar
14:37 Feudal Age
13:01 Gold Mining
13:18 Stone Mining
15:32 Bow Saw
15:57 Hand Cart
16:28 Heavy Plow
17:23 Stone Shaft Mining
17:23 Gold Shaft Mining
24:00 Castle Age
22:59 Scale Barding Armor
23:04 Forging
24:22 Cavalier
25:04 Husbandry
26:16 Two-Man Saw
25:50 Crop Rotation
25:58 Iron Casting
27:01 Chain Barding Armor
27:20 Fletching
27:18 Town Watch
33:13 Imperial Age
35:45 Chemistry
35:32 Plate Barding Armor
38:04 Padded Archer Armor
39:05 Blast Furnace
41:31 Conscription
40:56 Light Cavalry
41:51 Hussar
閒雲野鶴
2:24 Loom
10:50 Feudal Age
11:26 Double-Bit Axe
12:32 Wheelbarrow
14:40 Horse Collar
18:46 Castle Age
17:40 Forging
17:21 Horse Collar
17:53 Stone Mining
27:24 Husbandry
28:49 Wheelbarrow
29:09 Bow Saw
30:14 Gold Mining
31:57 Hand Cart
32:04 Heavy Plow
33:38 Bloodlines
39:38 Imperial Age
37:46 Elite Skirmisher
39:05 Iron Casting
38:31 Padded Archer Armor
38:21 Fletching
40:43 Conscription
41:41 Two-Man Saw
41:47 Blast Furnace
40:33 Cavalier
41:09 Light Cavalry
42:08 Leather Archer Armor
43:36 Scale Barding Armor
大草原畜牧
10:37 Feudal Age
14:29 Castle Age
12:44 Double-Bit Axe
16:12 Bow Saw
20:42 Wheelbarrow
22:11 Hand Cart
27:40 Imperial Age
25:57 Gold Mining
27:34 Gold Shaft Mining
27:06 Scale Barding Armor
27:11 Stone Mining
27:11 Loom
27:34 Husbandry
28:01 Forging
28:12 Chain Barding Armor
27:43 Cavalier
29:17 Iron Casting
30:40 Plate Barding Armor
32:58 Blast Furnace
33:30 Chemistry
32:02 Paladin
34:09 Conscription
33:52 Chivalry
35:22 Siege Engineers
fechinoo
11:55 Feudal Age
15:49 Castle Age
13:48 Double-Bit Axe
14:18 Horse Collar
16:17 Loom
17:48 Wheelbarrow
22:56 Padded Archer Armor
26:50 Leather Archer Armor
28:52 Fletching
31:37 Heavy Plow
31:52 Bow Saw
32:52 Hand Cart
36:37 Imperial Age
34:15 Gold Mining
34:53 Stone Mining
37:31 Stone Shaft Mining
38:43 Chemistry
38:57 Two-Man Saw
40:29 Conscription
41:09 Ring Archer Armor
40:54 Masonry
41:30 Bloodlines
41:20 Husbandry
40:55 Elite Conquistador
FallAutumn7731
11:44 Feudal Age
13:05 Loom
16:13 Castle Age
14:30 Double-Bit Axe
15:11 Horse Collar
17:41 Bow Saw
17:36 Heavy Plow
22:31 Wheelbarrow
21:59 Gold Mining
23:31 Hand Cart
23:15 Town Watch
23:25 Stone Mining
24:37 Scale Mail Armor
25:27 Squires
24:48 Eagle Warrior
27:14 Gold Shaft Mining
27:15 Stone Shaft Mining
27:12 Arson
30:48 Imperial Age
29:14 Chain Mail Armor
29:17 Forging
31:30 Iron Casting
30:46 Fletching
31:19 Ballistics
31:12 Elite Eagle Warrior
32:28 Plate Mail Armor
32:25 Conscription
33:37 Blast Furnace
33:13 Garland Wars
33:35 Pikeman
38:11 Chemistry
36:52 Treadmill Crane
37:10 Murder Holes
37:15 Bodkin Arrow
38:55 Padded Archer Armor
38:56 Bracer
39:04 Elite Skirmisher
41:34 Leather Archer Armor
11++
10:07 Feudal Age
14:37 Castle Age
12:36 Double-Bit Axe
13:01 Horse Collar
20:04 Scale Barding Armor
23:20 Heavy Plow
23:35 Bow Saw
25:02 Forging
25:29 Bloodlines
25:44 Loom
27:49 Iron Casting
28:01 Husbandry
29:07 Chain Barding Armor
29:51 Town Watch
35:19 Imperial Age
33:13 Fletching
33:52 Bodkin Arrow
35:59 Conscription
35:43 Scale Mail Armor
37:10 Blast Furnace
36:54 Chain Mail Armor
38:29 Chemistry
37:27 Murder Holes
37:38 Gold Mining
38:09 Squires
37:29 Pikeman
Paladins Order
11:25 Feudal Age
16:50 Castle Age
15:18 Double-Bit Axe
17:26 Horse Collar
21:49 Fletching
33:05 Imperial Age
KingJo
10:32 Feudal Age
15:03 Castle Age
14:09 Double-Bit Axe
24:27 Pikeman
25:32 Stone Mining
26:58 Horse Collar
28:21 Loom
31:22 Bow Saw
33:00 Heavy Plow
39:22 Imperial Age
40:20 Forging
40:11 Scale Mail Armor
39:55 Halberdier
Connection lost

Rejoining the realm…

Still unreachable

The connection could not be restored.

Session expired

The server has moved on; the page needs a fresh start.